Map: Ancient Cistern LE

Players

Osocharmin (Pacomike)

  • Race: Protoss Protoss
  • League: Grandmaster
  • Spawn Location: 7:00

Goliath - Winner!

  • Race: Terran Terran
  • League: Grandmaster
  • Spawn Location: 1:00

VOD

Have the link to the VOD?

Description

Time

  • Played on: March 29, 2023, 12:16 a.m.
  • Length: 7:32
Show
View Real Time Build Order
Export as new Build Order

Osocharmin Protoss 

Build Orders: 1 Gate Expand, Double Forge 

Get SALT Encoding   

  12  0:00  Probe  
  13  0:12  Probe  
  14  0:18  Pylon  
  14  0:24  Probe (Chrono Boost)  
  15  0:37  Gateway, Probe (Chrono Boost)  
  16  0:44  Probe (Chrono Boost)  
  16  0:46  Assimilator  
  17  0:51  Probe  
  18  1:03  Probe  
  19  1:15  Probe  
  20  1:23  Cybernetics Core  
  20  1:31  Nexus  
  20  1:37  Probe  
  21  1:40  Pylon  
  21  1:46  Assimilator  
  21  1:49  Probe  
  22  1:56  Adept (Chrono Boost)  
  22  2:00  Warp Gate  
  24  2:01  Probe (Chrono Boost)  
  25  2:13  Probe (Chrono Boost)  
  26  2:19  Stalker  
  26  2:21  Probe (Chrono Boost)  
  29  2:27  Probe  
  30  2:37  Twilight Council  
  30  2:43  Probe (Chrono Boost)  
  32  2:44  Probe (Chrono Boost)  
  33  2:52  Probe (Chrono Boost)  
  33  2:54  Probe (Chrono Boost)  
  33  2:57  Probe (Chrono Boost)  
  34  3:04  Probe  
  34  3:05  Forge  
  36  3:06  Forge  
  36  3:09  Probe  
  37  3:13  Robotics Facility  
  37  3:16  Probe  
  37  3:18  Pylon  
  38  3:20  Charge  
  38  3:23  Probe  
  39  3:28  Probe  
  40  3:35  Probe  
  40  3:40  Probe  
  42  3:47  Probe  
  43  3:50  Protoss Ground Weapons Level 1 (Chrono Boost)  
  43  3:52  Probe  
  43  3:54  Protoss Ground Armor Level 1 (Chrono Boost)  
  43  3:55  Gateway  
  44  3:57  Gateway  
  44  3:59  Probe  
  44  4:01  Gateway  
  45  4:04  Probe  
  45  4:05  Observer  
  45  4:08  Assimilator  
  47  4:11  Probe  
  47  4:14  Stalker  
  47  4:16  Probe  
  51  4:20  Pylon  
  51  4:24  Probe  
  52  4:28  Probe  
  54  4:38  Probe  
  54  4:40  Nexus  
  54  4:41  Probe  
  54  4:43  Pylon  
  55  4:49  Gateway  
  55  4:50  Gateway, Probe, Observer  
  57  4:53  Pylon  
  57  4:54  Probe  
  57  4:58  Stalker  
  57  4:59  Stalker  
  62  5:02  Probe  
  63  5:07  Blink  
  63  5:08  Probe  
  64  5:14  Probe  
  64  5:15  Shield Battery  
  64  5:20  Probe  
  66  5:22  Protoss Ground Weapons Level 2 (Chrono Boost)  
  66  5:29  Zealot x3  
  66  5:32  Probe  
  73  5:37  Zealot  
  73  5:38  Probe  
  76  5:44  Zealot  
  76  5:48  Pylon  
  78  5:52  Probe x2  
  78  5:53  Probe  
  78  5:54  Zealot x2  
  85  6:03  Zealot x3  
  89  6:06  Probe  
  89  6:07  Zealot  
  89  6:10  Probe  
  89  6:11  Probe  
  94  6:13  Assimilator  
  94  6:15  Stalker x2  
  98  6:20  Pylon  
  98  6:22  Pylon  
  98  6:25  Stalker  
  98  6:28  Probe  
  101  6:41  Pylon  
  101  6:44  Zealot x2  
  101  6:45  Zealot x3  
  111  6:49  Observer  
  111  6:51  Stalker  
  82  7:06  Zealot x5  
  88  7:15  Zealot  
  75  7:28  Zealot x2  
  75  7:29  Zealot x3  
Show
View Real Time Build Order
Export as new Build Order

Goliath Terran - Winner!

Build Orders: Reaper Expand 

Get SALT Encoding   

  12  0:00  SCV  
  13  0:12  SCV  
  14  0:17  Supply Depot  
  14  0:24  SCV  
  15  0:38  SCV  
  15  0:40  Barracks  
  16  0:45  Refinery  
  16  0:50  SCV  
  17  1:02  SCV  
  18  1:14  SCV  
  19  1:27  Orbital Command, Reaper  
  20  1:39  Command Center  
  20  1:48  Supply Depot  
  21  1:59  SCV  
  21  2:00  Marine  
  22  2:11  SCV  
  22  2:12  Factory  
  23  2:16  Bunker  
  23  2:18  Marine  
  24  2:23  SCV  
  25  2:32  Barracks  
  25  2:36  SCV  
  26  2:40  Barracks Reactor  
  26  2:45  Refinery  
  26  2:48  SCV  
  27  2:52  Orbital Command  
  27  2:56  Factory Tech Lab  
  26  3:00  SCV  
  26  3:09  Supply Depot  
  26  3:13  SCV  
  26  3:15  Cyclone  
  26  3:16  Marine x2  
  26  3:19  SCV  
  33  3:22  Barracks Tech Lab  
  33  3:34  Marine x2  
  33  3:40  SCV x2  
  33  3:41  Stimpack, Marine  
  37  3:52  Barracks, SCV x2  
  39  3:59  Marine x3  
  42  4:04  SCV  
  42  4:05  SCV  
  42  4:08  Engineering Bay  
  44  4:16  SCV  
  46  4:17  SCV  
  46  4:18  Supply Depot, Marine x3  
  49  4:28  SCV  
  49  4:29  SCV  
  51  4:35  Terran Infantry Weapons Level 1  
  51  4:36  Marine x3  
  54  4:39  Combat Shield  
  54  4:40  Marine, Starport  
  54  4:42  Factory Reactor  
  55  4:46  SCV x2  
  55  4:49  Supply Depot  
  55  4:52  Refinery  
  57  4:54  Marine x3  
  57  4:58  Marine  
  61  5:01  SCV  
  62  5:08  Supply Depot, SCV  
  62  5:12  Marine x2  
  62  5:13  SCV, Marine  
  67  5:15  Marine  
  68  5:23  SCV  
  68  5:24  Medivac  
  68  5:25  Medivac, SCV  
  74  5:30  Factory Reactor, Supply Depot  
  74  5:31  Marine x2  
  78  5:35  Marauder  
  78  5:39  Marauder  
  80  5:44  Supply Depot  
  80  5:45  SCV x2  
  82  5:50  Refinery  
  82  5:51  Concussive Shells  
  82  5:59  SCV x2  
  82  6:01  Supply Depot  
  82  6:02  Marauder x2  
  88  6:06  Medivac  
  88  6:09  Medivac  
  92  6:11  Widow Mine  
  92  6:12  Widow Mine  
  92  6:16  Supply Depot  
  92  6:18  Marine  
  97  6:19  Marine  
  98  6:29  Marauder x2  
  98  6:30  SCV  
  98  6:32  SCV  
  104  6:36  Marine x2  
  106  6:45  Medivac x2, Widow Mine x2  
  106  6:46  SCV x2  
  112  6:59  Marauder x2, Marine x2  
  113  7:06  Widow Mine  
  107  7:31  Barracks x2, Supply Depot  
Tags
 
Add a new tag
Caveats
  • Supply blocks, unpowered buildings, or Contaminate may cause inaccurate times.
  • Supply counts are checked every 10 seconds.